 Dungeon Crawl Stone Soup version 0.30.0-19-g36f170ea60 (webtiles) character file.

Game seed: 8774578315344113898

26 PriceMaster the Magician (level 2, -9/15 HPs)
             Began as a Deep Elf Hedge Wizard on May 26, 2023.
             Mangled by a gnoll
             ... wielding a +0 spear
              (10 damage)
             ... on level 1 of the Dungeon.
             The game lasted 00:03:30 (1241 turns).

PriceMaster the Magician (Deep Elf Hedge Wizard)    Turns: 1241, Time: 00:03:31

Health: -9/15      AC:  2    Str:  7    XL:     2   Next: 89%
Magic:  6/10       EV:  9    Int: 18    God:
Gold:   47         SH:  7    Dex: 14    Spells: 9/11 levels left

rFire   . . .        l - +0 short sword
rCold   . . .        m - +0 kite shield
rNeg    . . .        b - +0 robe
rPois   .            j - +0 hat
rElec   .            (no cloak)
rCorr   .            (no gloves)
SInv    .            (no boots)
Will    .....        (no amulet)
Stlth   ++           (no ring)
HPRegen 0.22/turn    (no ring)
MPRegen 0.12/turn

%: no passive effects
@: very slightly contaminated
A: no striking features
a: no special abilities


You were on level 1 of the Dungeon.
You visited 1 branch of the dungeon, and saw 1 of its levels.

You collected 47 gold pieces.

Inventory:

Hand Weapons
 a - a +0 dagger
 l - a +0 short sword (weapon)
Armour
 b - a +0 robe (worn)
 c - a +0 hat
 j - a +0 hat (worn)
 m - a +0 kite shield (worn)
Scrolls
 f - 3 scrolls of identify {unknown}
 g - a scroll of vulnerability {unknown}
 i - a scroll of immolation {unknown}
 n - a scroll of amnesia {unknown}
Potions
 d - a potion of magic
 e - a potion of curing {unknown}
 h - a potion of cancellation {unknown}
 k - a potion of berserk rage {unknown}
 o - a potion of might {unknown}


   Skills:
 + Level 0.9 Short Blades
 + Level 2.8 Dodging
 + Level 2.6 Stealth
 + Level 5.1 Spellcasting
 + Level 1.3 Conjurations
 + Level 0.2 Hexes
 + Level 1.1 Summonings
 + Level 1.1 Translocations


You had 9 spell levels left.
You knew the following spells:

 Your Spells              Type           Power      Damage    Failure   Level
a - Magic Dart            Conj           36%        1d4       54%         1
b - Slow                  Hex            20%        N/A       71%         1

Your spell library contained the following spells:

 Spells                   Type           Power      Damage    Failure   Level
 Blink                    Tloc           16%        N/A       73%         2
 Call Imp                 Summ           16%        N/A       73%         2
 Cigotuvi's Dreadful Rot  Necr/Pois/Air  8%         N/A       86%         2
 Mephitic Cloud           Conj/Pois/Air  6%         N/A       96%         3


Dungeon Overview and Level Annotations

Branches:
Dungeon (1/15)

Altars:

Shops:
D:1 ?


Message History

Aim: a gnoll, wielding a +0 spear (slow, 100% to hit)
The magic dart hits the gnoll but does no damage.
Casting: Magic Dart (safe; 54% risk of failure)
Confirm with . or Enter, or press ? or * to list all spells.
Aiming: Magic Dart (safe; 54% risk of failure)
Press: ? - help, Shift-Dir - straight line, f/p - gnoll
Aim: a gnoll, wielding a +0 spear (slow, 100% to hit)
You miscast Magic Dart.
You are very lightly contaminated with residual magic.
Nothing appears to happen.
A gnoll is nearby!
Casting: Magic Dart (safe; 54% risk of failure)
Confirm with . or Enter, or press ? or * to list all spells.
You don't know that spell.
Unknown command.
Casting: Magic Dart (safe; 54% risk of failure)
Confirm with . or Enter, or press ? or * to list all spells.
You don't know that spell.
Casting: Magic Dart (safe; 54% risk of failure)
Confirm with . or Enter, or press ? or * to list all spells.
Aiming: Slow (safe; 71% risk of failure)
Press: ? - help, Shift-Dir - straight line, f/p - gnoll
Aim: a gnoll, wielding a +0 spear (chance to affect: 48%)
You miscast Slow.
Nothing appears to happen.
Casting: Slow (safe; 71% risk of failure)
Confirm with . or Enter, or press ? or * to list all spells.
Aiming: Magic Dart (safe; 54% risk of failure)
Press: ? - help, Shift-Dir - straight line, f/p - gnoll
Aim: a gnoll, wielding a +0 spear (100% to hit)
You miscast Magic Dart.
Nothing appears to happen.
The gnoll hits you from afar with a +0 spear.
The gnoll barely misses you.
You hit the gnoll.
The gnoll is moderately wounded.
The gnoll hits you with a +0 spear!
Ouch! That really hurt!
* * * LOW HITPOINT WARNING * * *
The gnoll hits you with a +0 spear!
Ouch! That really hurt!
You die...

#.##...##.##...#P..P.♣
#.#..#..#.##.<.#...P.P
#.#.#.#.#.##...#P♣P♣..
#....#)...##...#.P..♣P
##.#.#[#.#..#...#.PPP.P
#..#..#..#..#.#.#PPP.PP
#..##...##..#.#.#.P.♣PP
#...##.##...#..[#....♣.
#.......@g#.#...#.P..♣
##.##.#####.g. #....#
#...# ####.# ## #.# #.#
#.# #####.# #...#.#


You could see a gnoll.

Vanquished Creatures
  2 dart slugs (D:1)
  A giant cockroach (D:1)
  5 hobgoblins (D:1)
  4 kobolds (D:1)
  3 quokkas (D:1)
  3 bats (D:1)
  2 frilled lizards (D:1)
  A rat (D:1)
21 creatures vanquished.

Notes
Turn   | Place    | Note
-------+----------+-------------------------------------------
     0 | D:1      | PriceMaster the Deep Elf Hedge Wizard began the quest for
                  | the Orb.
     0 | D:1      | Reached XP level 1. HP: 10/10 MP: 7/7
   242 | D:1      | Reached XP level 2. HP: 13/15 MP: 3/9
   423 | D:1      | Learned a level 1 spell: Slow
   689 | D:1      | Reached skill level 5 in Spellcasting
   944 | D:1      | Found Hyintov's Magic Scroll Emporium.
  1241 | D:1      | Mangled by a gnoll

Illustrated notes

Levels and vault maps discovered:
D:1:      minmay_arrival_arboretum_small, layout_basic, serial_shops,
          nicolae_shop_behind_doors, minmay_box_of_dots

Skill      XL: |  1  2 |
---------------+-------+-----
Spellcasting   | 5 |  5.1
Short Blades   | |  0.9
Dodging        | |  2.8
Stealth        | |  2.6
Conjurations   | |  1.3
Hexes          | |  0.2
Summonings     | |  1.1
Translocations | |  1.1

Action                     || total
---------------------------++-------
  Melee: Dagger            ||    12
         Short sword       ||    26
   Cast: Magic Dart        ||    55
         Slow              ||     8
 Armour: Robe              ||    20
  Dodge: Dodged            ||    39
  Block: Kite shield       ||    13
